 Dungeon Crawl Stone Soup version 0.30.0-29-ga12c61a403 (webtiles) character file.

Game seed: 10338416200887631646

1127 hawla the Firebug (level 8, 0/62 HPs)
             Began as a Meteoran Fire Elementalist on June 8, 2023.
             Shot with an arrow by a centaur (5 damage)
             ... on level 5 of the Dungeon.
             The game lasted 00:15:45 (2098 turns).

hawla the Firebug (Meteoran Fire Elementalist)      Turns: 2098, Time: 00:15:46

Health: 0/62       AC:  5    Str: 10    XL:     8   Next: 93%
Magic:  7/18       EV: 13    Int: 19    God:
Gold:   206        SH:  0    Dex: 14    Spells: 13/20 levels left

rFire   + . .        r - +2 hammer (protect)
rCold   x . .        (no shield)
rNeg    . . .        o - +2 robe
rPois   .            (helmet restricted)
rElec   .            q - +0 cloak
rCorr   .            (no gloves)
SInv    .            (no boots)
Will    +....        (no amulet)
Stlth   +            b - ring of flight
HPRegen 0.30/turn    p - ring of fire
MPRegen 0.16/turn

%: no passive effects
@: flying, glowing
A: sense surroundings 1, otherworldly, glowing, explore regen, horns 1
a: no special abilities


You were on level 5 of the Dungeon.
You visited 2 branches of the dungeon, and saw 6 of its levels.

You collected 206 gold pieces.

Inventory:

Hand Weapons
 n - a +0 lajatang
 r - a +2 hammer of protection (weapon)
Armour
 o - a +2 robe (worn)
 q - a +0 cloak (worn)
Jewellery
 b - a ring of flight (left hand)
 p - a ring of fire (right hand)
Wands
 d - a wand of digging (2)
 g - a wand of paralysis (2)
 j - a wand of polymorph (3)
Scrolls
 i - a scroll of identify
 k - 3 scrolls of teleportation {unknown}
 m - 3 scrolls of fog {unknown}
Potions
 c - a potion of flight
 e - 3 potions of curing
 h - 4 potions of attraction
 l - a potion of magic


   Skills:
 + Level 2.3 Fighting
 + Level 1.3(1.7) Maces & Flails
 + Level 1.4(1.6) Staves
 + Level 3.7 Dodging
 - Level 1.4 Stealth
 + Level 6.5 Spellcasting
 + Level 5.6 Conjurations
 + Level 6.5 Fire Magic
 + Level 3.1 Evocations


You had 13 spell levels left.
You knew the following spells:

 Your Spells              Type           Power      Damage    Failure   Level
a - Foxfire               Conj/Fire      100%       2x1d9     1%          1
b - Scorch                Fire           92%        2d9       1%          2
c - Flame Wave            Conj/Fire      44%        2d11      9%          4

Your spell library contained the following spells:

 Spells                   Type           Power      Damage    Failure   Level
 Inner Flame              Hex/Fire       28%        N/A       9%          3
 Volatile Blastmotes      Fire/Tloc      56%        2d14      9%          3
 Apportation              Tloc           12%        N/A       11%         1
 Ignite Poison            Fire/Tmut/Pois 21%        N/A       13%         3
 Cigotuvi's Dreadful Rot  Necr/Pois/Air  12%        N/A       16%         2
 Freezing Cloud           Conj/Ice/Air   6%         6-21      80%         5
 Alistair's Intoxication  Tmut/Pois      4%         N/A       96%         5


Dungeon Overview and Level Annotations

Branches:
Dungeon (5/15) Zot: 1145   Temple (1/1) D:5 Zot: 373

Altars:
Cheibriados
Dithmenos
Fedhas
Hepliaklqana
Kikubaaqudgha
Makhleb
Nemelex Xobeh
Okawaru
Qazlal
Sif Muna
Trog
Uskayaw
Wu Jian
Xom
Yredelemnul
Zin


Innate Abilities, Weirdness & Mutations

You passively map a small area around you.
You are easily found by Zot.
You glow in the dark.
You regain HP and MP as you explore.
You have a pair of small horns on your head.


Message History

The bolt closely misses the centaur.
The centaur hits you.
The centaur kicks you but does no damage.
An orc and an orc wizard come into view.
The orc shouts!
The orc priest invokes the aid of Beogh against you.
Pain shoots through your body!
The centaur wields a +0 shortbow.
The centaur shoots an arrow.
The arrow hits you.
The orc warrior unwields a +0 arbalest.
The orc warrior wields a +1 glaive of protection.
The orc warrior hits you with a +1 glaive of protection!
* * * LOW HITPOINT WARNING * * *
Items here: )) [[ ††.
Casting: Flame Wave (dangerous; 9% risk of failure)
Confirm with . or Enter, or press ? or * to list all spells.
Casting: Flame Wave (dangerous; 9% risk of failure)
Press: ? - help, Dir - look around, f - activate
Okay, then.
It was a potion of mutation.
You feel extremely strange. A pair of horns grows on your head!
The centaur shoots an arrow.
The arrow hits you!
* * * LOW HITPOINT WARNING * * *
The orc warrior hits you with a +0 hand axe.
* * * LOW HITPOINT WARNING * * *
The orc priest looks braver for a moment.
The orc warrior barely misses you.
Casting: Flame Wave (dangerous; 9% risk of failure)
Confirm with . or Enter, or press ? or * to list all spells.
Casting: Flame Wave (dangerous; 9% risk of failure)
Press: ? - help, Dir - look around, f - activate You feel a surge of power!
A wave of flame ripples out!
The flame wave engulfs the orc!
You kill the orc!
The flame wave engulfs the orc warrior but does no damage.
The flame wave engulfs the orc warrior!
The orc warrior is almost dead. (Press . to intensify the flame waves.)
The centaur shoots an arrow.
The arrow completely misses you.
The arrow hits the orc warrior but does no damage.
The centaur shoots an arrow.
The arrow hits you.
You die...

#.###.......# * #.#
##......#####.......# #.#
#.###...#####.8...8.# ##.#
............#.......##########>..
........###.#..oo...#........#..#
.####...# #.#.8...8.########.#..#
....#...# #.#.)oo...# ##.#..#
..†.....# #.#.oo)o).#### ##.....#
##.).)..###.#.8o@)8.#..###.......
.........##.#.))....##.##........
##.....#(##.##.c)..###.....[.....
##.#.......##8!..8######........
#.#.......###)).###..........#.
###..#.....#####†######..##....#.
....###..#.##.##..##.##..#####.#.
###..#...#.##.##..##.##..# #.#. #
#.#.#..#.##.##..##.##..# #.#.


You could see 2 orc warriors, a centaur, an orc priest, an orc wizard and 4
orcs.

Vanquished Creatures
  Sigmund (D:4)
  Eustachio (D:4)
  Menkaure (D:4)
  2 ice beasts (D:5)
  Blork the orc (D:4)
  A howler monkey (D:4)
  A hound (D:4)
  2 orc priests
  Crazy Yiuf (D:5)
  Ijyb (D:3)
  2 iguanas (D:5)
  3 orc wizards
  3 adders
  2 worms
  2 dart slugs (D:3)
  32 orcs
  4 giant cockroaches
  10 goblins
  10 hobgoblins
  7 jackals
  2 quokkas
  2 ball pythons
  7 bats
  5 frilled lizards
  6 kobolds
  3 rats
112 creatures vanquished.

Vanquished Creatures (others)
  193 foxfires
193 creatures vanquished.

Grand Total: 305 creatures vanquished

Notes
Turn   | Place    | Note
-------+----------+-------------------------------------------
     0 | D:1      | hawla the Meteoran Fire Elementalist began the quest for
                  | the Orb.
     0 | D:1      | Reached XP level 1. HP: 14/14 MP: 5/5
    66 | D:1      | Reached XP level 2. HP: 20/20 MP: 2/7
    73 | D:1      | Learned a level 2 spell: Scorch
   196 | D:2      | Reached XP level 3. HP: 26/26 MP: 4/8
   341 | D:2      | Reached XP level 4. HP: 33/33 MP: 7/10
   347 | D:2      | Learned a level 4 spell: Flame Wave
   389 | D:3      | Reached XP level 5. HP: 23/38 MP: 3/11
   442 | D:4      | Reached XP level 6. HP: 38/45 MP: 1/12
   451 | D:4      | Noticed Ijyb
   454 | D:4      | Noticed Sigmund
   473 | D:3      | Paralysed by Ijyb for 5 turns
   474 | D:3      | Killed Ijyb
   559 | D:5      | Entered Level 5 of the Dungeon
   579 | D:5      | Noticed an ice beast
   593 | D:5      | Killed an ice beast
   675 | D:4      | Noticed Blork the orc
   680 | D:4      | Killed Blork the orc
   681 | D:4      | Reached skill level 5 in Fire Magic
   681 | D:4      | Reached XP level 7. HP: 51/51 MP: 7/14
   702 | D:4      | Noticed Eustachio
   746 | D:4      | Killed Eustachio
   747 | D:4      | Reached skill level 1 in Fighting
   871 | D:3      | Reached skill level 5 in Conjurations
  1032 | D:4      | Killed Sigmund
  1033 | D:4      | Reached skill level 1 in Maces & Flails
  1033 | D:4      | Reached skill level 5 in Spellcasting
  1033 | D:4      | Reached XP level 8. HP: 59/59 MP: 10/17
  1262 | D:4      | Noticed Menkaure
  1268 | D:4      | Killed Menkaure
  1269 | D:4      | Found a hazy altar of Hepliaklqana.
  1373 | D:5      | Found an iron altar of Okawaru.
  1461 | D:5      | Found a staircase to the Ecumenical Temple.
  1501 | Temple   | Entered the Ecumenical Temple
  1817 | D:5      | Found a runed translucent door.
  1835 | D:5      | Reached skill level 1 in Staves
  1914 | D:5      | Found a runed translucent door.
  1915 | D:5      | Noticed Crazy Yiuf
  1920 | D:5      | Killed Crazy Yiuf
  2097 | D:5      | Gained mutation: You have a pair of small horns on your
                  | head. [potion of mutation]
  2098 | D:5      | Shot with an arrow by a centaur

Illustrated notes

Levels and vault maps discovered:
D:1:      lightli_arrival_lavapool, layout_basic, kennysheep_decorative_pillar,
          minmay_pentomino_z2
D:2:      layout_loops_cross, serial_shops, nicolae_shop_waterfront, uniq_robin
D:3:      layout_rooms, st_stairs_10
D:4:      layout_cave_pools, lemuel_round_altar, uniq_menkaure,
          uniq_blork_the_orc, uniq_sigmund, uniq_eustachio, uniq_ijyb
D:5:      layout_loops_ring, hellmonk_okawaru_the_only_friend_you_need,
          minmay_temple_entry_ruins, lightli_church_of_beogh,
          uniq_crazy_yiuf_cottage
Temple:   dpeg_chambers_temple

Skill      XL: |  1  2  3  4  5  6  7  8 |
---------------+-------------------------+-----
Spellcasting   | 3 4 5 6 |  6.5
Fire Magic     | 4 5 6 |  6.5
Conjurations   | 4 5 |  5.6
Evocations     | 2 3 |  3.1
Dodging        | 3 |  3.7
Fighting       | 1 2 |  2.3
Maces & Flails | 1 |  1.3
Staves         | 1 |  1.4
Stealth        | |  1.4

Action                     |  1- 3 |  4- 6 |  7- 9 || total
---------------------------+-------+-------+-------++-------
  Melee: Unarmed           |     1 |       |       ||     1
         Mace              |     1 |     4 |     4 ||     9
         Lajatang          |       |       |     5 ||     5
   Cast: Foxfire           |    38 |    46 |    33 ||   117
         Scorch            |     4 |    14 |    18 ||    36
         Flame Wave        |       |     3 |     7 ||    10
  Evoke: Wand              |       |       |     3 ||     3
    Use: Scroll            |     3 |     2 |       ||     5
         Potion            |       |     1 |     4 ||     5
 Armour: Robe              |     4 |    10 |     8 ||    22
  Dodge: Dodged            |    20 |    30 |    31 ||    81
